 Dungeon Crawl Stone Soup version 0.30.1-4-g462c640d31 (webtiles) character file.

Game seed: 14316642625134261638

32 hawla the Firebug (level 3, 0/27 HPs)
             Began as a Meteoran Fire Elementalist on Aug 26, 2023.
             Slain by an orc
             ... wielding a +0 dagger
              (3 damage)
             ... on level 3 of the Dungeon.
             The game lasted 00:02:26 (225 turns).

hawla the Firebug (Meteoran Fire Elementalist)       Turns: 225, Time: 00:02:26

Health: 0/27       AC:  2    Str: 10    XL:     3   Next: 64%
Magic:  4/8        EV: 12    Int: 18    God:
Gold:   44         SH:  0    Dex: 14    Spells: 5/8 levels left

rFire   + . .        c - +0 whip
rCold   + . .        (no shield)
rNeg    . . .        a - +0 robe
rPois   +            (no helmet)
rElec   +            (no cloak)
rCorr   +            (no gloves)
SInv    .            (no boots)
Will    .....        (no amulet)
Stlth   +            (no ring)
HPRegen 0.24/turn    (no ring)
MPRegen 0.11/turn

%: no passive effects
@: resistant, very slightly contaminated, glowing
A: sense surroundings 1, otherworldly, glowing, explore regen
a: no special abilities


You were on level 3 of the Dungeon.
You visited 1 branch of the dungeon, and saw 3 of its levels.

You collected 44 gold pieces.

Inventory:

Hand Weapons
 c - a +0 whip (weapon)
Armour
 a - a +0 robe (worn)


   Skills:
 + Level 0.5 Fighting
 + Level 2.8 Dodging
 - Level 1.4 Stealth
 + Level 3.0 Spellcasting
 + Level 1.6 Conjurations
 + Level 4.4 Fire Magic


You had 5 spell levels left.
You knew the following spells:

 Your Spells              Type           Power      Damage    Failure   Level
a - Foxfire               Conj/Fire      52%        2x1d6     4%          1
b - Scorch                Fire           36%        2d6       4%          2

Your spell library contained the following spells:

 Spells                   Type           Power      Damage    Failure   Level
 Inner Flame              Hex/Fire       10%        N/A       21%         3
 Volatile Blastmotes      Fire/Tloc      20%        2d11      21%         3
 Flame Wave               Conj/Fire      13%        2d6       43%         4


Dungeon Overview and Level Annotations

Branches:
Dungeon (3/15) Zot: 1574

Altars:


Innate Abilities, Weirdness & Mutations

You passively map a small area around you.
You are easily found by Zot.
You glow in the dark.
You regain HP and MP as you explore.


Message History

You conjure some foxfire!
The orc misses you. The orc hits you with a +0 dagger.
* * * LOW HITPOINT WARNING * * *
The hobgoblin misses you.
You hit the orc.
You kill the orc!
The foxfire hits the orc but does no damage.
The orc is heavily wounded.
The foxfire hits the hobgoblin.
The hobgoblin is moderately wounded.
The hobgoblin hits you but does no damage.
The orc hits you but does no damage.
Casting: Foxfire (safe; 4% risk of failure)
Confirm with . or Enter, or press ? or * to list all spells.
You miscast Foxfire.
You are very lightly contaminated with residual magic.
Nothing appears to happen.
The orc hits you with a +0 dagger.
* * * LOW HITPOINT WARNING * * *
The hobgoblin barely misses you.
Casting: Foxfire (safe; 4% risk of failure)
Confirm with . or Enter, or press ? or * to list all spells.
You conjure some foxfire!
The orc barely misses you.
The hobgoblin hits you but does no damage.
You hit the orc.
The orc is heavily wounded.
The foxfire hits the hobgoblin.
The hobgoblin is heavily wounded.
The foxfire hits the orc.
The orc is severely wounded.
The orc hits you but does no damage.
The hobgoblin hits you but does no damage.
It was a potion of resistance.
You feel protected. The orc closely misses you. The hobgoblin hits you.
* * * LOW HITPOINT WARNING * * *
Casting: Foxfire (safe; 4% risk of failure)
Confirm with . or Enter, or press ? or * to list all spells.
You miscast Foxfire.
Nothing appears to happen.
The orc hits you with a +0 dagger.
You die...

, , .. #.. , ..###.#,
, ,...... ..##.# * *
* #o##.# , # #o##.#
######
#.#g##.###....# , ,
*#.)@o....#.##.### ,
........##.#.<......#
*
..##....##....###.#.#
#..####.#..###.#.#
*#$. ,......##....#
,, , ##.
#####......### * #
#.##.†.## , * # *
#.......# ,
#.######..#.##.#


You could see 3 orcs and a hobgoblin.

Vanquished Creatures
  A worm (D:2)
  A dart slug (D:2)
  3 orcs (D:3)
  2 ball pythons (D:2)
  3 endoplasms
  2 giant cockroaches
  A goblin (D:2)
  4 hobgoblins
  A bat (D:1)
  2 frilled lizards
  2 rats (D:2)
22 creatures vanquished.

Vanquished Creatures (others)
  57 foxfires
57 creatures vanquished.

Grand Total: 79 creatures vanquished

Notes
Turn   | Place    | Note
-------+----------+-------------------------------------------
     0 | D:1      | hawla the Meteoran Fire Elementalist began the quest for
                  | the Orb.
     0 | D:1      | Reached XP level 1. HP: 14/14 MP: 5/5
    76 | D:2      | Reached XP level 2. HP: 18/20 MP: 3/6
    79 | D:2      | Learned a level 2 spell: Scorch
   100 | D:2      | Reached skill level 4 in Fire Magic
   124 | D:2      | Reached XP level 3. HP: 27/27 MP: 5/8
   225 | D:3      | Slain by an orc

Illustrated notes

Levels and vault maps discovered:
D:1:      kennysheep_arrival_forest, layout_loops_ring
D:2:      layout_basic
D:3:      gammafunk_wand_slinger, layout_basic, elyvilon_altar_1,
          nicolae_ecumenical_snake_handling, uniq_ijyb

Skill      XL: |  1  2 |
---------------+-------+-----
Spellcasting   | 3 |  3.0
Fire Magic     | 4 |  4.4
Fighting       | |  0.5
Dodging        | |  2.8
Stealth        | |  1.4
Conjurations   | |  1.6

Action                     || total
---------------------------++-------
  Melee: Unarmed           ||    13
         Whip              ||     5
   Cast: Foxfire           ||    35
    Use: Potion            ||     2
 Armour: Robe              ||     9
  Dodge: Dodged            ||    22
